Thunder vs Carnivores
Created - April 1, 2018 at 19:03
Goals
|
| Thunder |
1 |
0 |
1 |
2 |
| Carnivores |
1 |
2 |
1 |
4 |
|
Shots
|
| Thunder |
10 |
14 |
16 |
40 |
| Carnivores |
12 |
19 |
10 |
41 |
|
1st period
1. Carnivores , Brendan Gallagher 37 (Jeremy Welsh 17, Mat Clark 15) at 7:18
2. Thunder , Jay Beagle 14 (David Fischer 48) at 18:00
Penalties :
Jared Staal (TRO) for High sticking (Minor) at 3:52
2nd period
3. Carnivores , Jeremy Welsh 17 (Brendan Gallagher 40, Markus Granlund 20) at 5:55
4. Carnivores , Jeremy Welsh 18 (Brendan Gallagher 41) at 8:08
Penalties :
Thomas Spelling (TRO) for Slashing (Minor) at 2:25
3rd period
5. Thunder , Adam Hall 30 (Ryan Nugent-Hopkins 50, Dany Roussin 51) at 10:17 (PP)
6. Carnivores , Nate Schmidt 2 (Nikita Alexeev 11, Joe Corvo 7) at 19:30 (SH) (Empty Net)
Penalties :
Daultan Leveillé (TRO) for Hooking (Minor) at 0:38, Steve Begin (Bre) for Hooking (Minor) at 10:04, Steve Begin (Bre) for Hooking (Minor) at 18:11
Goalie Stats
Jake Allen (TRO), 37 saves from 40 shots - (0.925), L, 6-9-0, 59:20 minutes
Mike McKenna (Bre), 38 saves from 40 shots - (0.950), W, 15-9-3, 60:00 minutes
Players Stats for Thunder
Player Name G A P +/- PIM S H SB GA TA FO MP PP MP PK MP
------------------------------------------------------------------------------------
Adam Hall 1 0 1 -1 0 12 0 0 1 0 1/2 22:51 1:39 3:05
Austin Wuthrich 0 0 0 -1 0 0 0 0 0 0 0/0 8:59 0:00 0:00
Dany Roussin 0 1 1 -1 0 2 2 0 2 0 3/11 22:39 1:39 3:05
Daultan Leveillé 0 0 0 -1 2 1 0 0 0 2 6/10 16:54 0:22 1:11
David Fischer 0 1 1 -2 0 3 3 0 0 2 0/0 28:01 2:01 3:45
Dougie Hamilton 0 0 0 -1 0 4 0 1 1 0 0/0 22:21 0:00 2:12
Gianluca Curcuruto 0 0 0 -1 0 0 0 0 0 0 0/0 13:48 0:00 0:00
Jamie McGinn 0 0 0 0 0 0 2 0 0 0 1/1 10:25 0:00 0:00
Jared Staal 0 0 0 -1 2 5 3 0 0 0 1/1 15:06 0:22 0:00
Jay Beagle 1 0 1 0 0 2 0 0 0 1 5/8 11:51 0:00 1:49
Joe Labate 0 0 0 -1 0 1 0 0 0 0 1/7 8:52 0:00 0:00
Joey Ryan 0 0 0 -1 0 2 2 0 0 1 0/0 23:51 2:01 3:45
Michael Stone 0 0 0 0 0 0 0 0 0 0 0/0 0:00 0:00 0:00
Mike Hoffman 0 0 0 -1 0 4 1 0 0 0 0/0 16:24 0:22 1:14
Mikko Vainonen 0 0 0 -1 0 0 0 0 0 1 0/0 14:31 0:00 0:00
Nikolay Prokhorkin 0 0 0 -1 0 0 1 0 0 0 0/0 8:52 0:00 0:00
Ryan Nugent-Hopkins 0 1 1 -1 0 3 0 0 2 0 16/22 19:40 1:39 0:36
Thomas Spelling 0 0 0 0 2 0 2 0 0 0 1/1 11:27 0:00 0:54
Zach Redmond 0 0 0 0 0 1 0 2 0 0 0/0 17:28 0:00 2:12
Players Stats for Carnivores
Player Name G A P +/- PIM S H SB GA TA FO MP PP MP PK MP
------------------------------------------------------------------------------------
Adam Pelech 0 0 0 0 0 0 0 0 0 0 0/0 4:49 0:00 0:00
Anton Gustafsson 0 0 0 0 0 1 1 0 0 0 13/25 20:07 3:02 0:00
Blake Geoffrion 0 0 0 0 0 3 0 2 1 0 1/2 15:51 2:37 0:00
Brendan Gallagher 1 2 3 3 0 2 2 0 2 0 0/1 12:51 0:18 0:00
Colton Orr 0 0 0 -1 0 3 0 0 0 0 1/1 9:39 0:18 0:00
Jeremy Welsh 2 1 3 4 0 5 2 3 1 0 3/7 13:58 0:00 1:36
Jeremy Williams 0 0 0 0 0 5 0 2 2 0 0/0 15:51 2:37 0:00
Joe Corvo 0 1 1 1 0 1 1 0 0 3 0/0 26:01 3:20 2:00
Josh Manson 0 0 0 2 0 0 0 1 0 0 0/0 11:35 0:00 0:00
Markus Granlund 0 1 1 3 0 2 2 0 0 0 3/9 12:22 0:00 0:00
Mat Clark 0 1 1 2 0 0 2 0 0 0 0/0 11:35 0:00 0:00
Nate Schmidt 1 0 1 1 0 2 1 2 0 0 0/0 26:01 3:20 2:00
Nicolas Kerdiles 0 0 0 -1 0 2 0 0 0 1 0/1 9:10 0:00 0:00
Nikita Alexeev 0 1 1 1 0 4 2 0 0 0 0/1 22:15 3:09 2:01
Ryan Murray 0 0 0 0 0 1 0 1 0 0 0/0 17:35 2:37 0:01
Sasha Pokulok 0 0 0 0 0 2 1 0 0 1 0/0 17:35 2:37 0:01
Scott Laughton 0 0 0 -1 0 3 2 0 0 0 1/4 9:57 0:11 0:25
Steve Begin 0 0 0 0 4 5 2 1 1 1 1/1 20:05 3:02 0:00
T.J Brodie 0 0 0 0 0 0 0 0 0 0 0/0 4:49 0:00 0:00
Zack Smith 0 0 0 0 0 0 0 0 0 0 5/11 15:51 2:37 0:00
3 Stars
1 - Jeremy Welsh (Bre)
2 - Brendan Gallagher (Bre)
3 - Mike McKenna (Bre)
Power Play
Thunder - 1 on 2 Attempt(s) - 50.00%
Carnivores - 0 on 3 Attempt(s) - 0.00%
Penalty Kill
Thunder - 3 on 3 Attempt(s) - 100.00%
- Score 0 goal in Penalty Kill
Carnivores - 1 on 2 Attempt(s) - 50.00%
- Score 1 goal in Penalty Kill
Team Stat
Thunder - Hits : 16 - Faceoff Wins : 35 - Blocked Shots : 3 - Penalty Minutes : 6
Carnivores - Hits : 18 - Faceoff Wins : 28 - Blocked Shots : 12 - Penalty Minutes : 4
Official
Referees : Pochmara Brian and L'Ecuyer Frederick
Linesman : Don Henderson and Tim Nowak
Game Notes
Nate Schmidt has scored in a empty net!
Finance
Level 1 -- Attendance: 1438 (71.90%) -- Ticket Income $57,520
Level 2 -- Attendance: 766 (76.60%) -- Ticket Income $15,320
Total Attendance: 2204 (73.47%)
Total Ticket Income: $72,840
Other Income: $3,642
Total Income: $76,482
Thunder
5 vs 5 Forward
Center Left Wing Right Wing Time % Phy DF OF
1 Ryan Nugent-Hopkins Dany Roussin Adam Hall 40 1 2 2
2 Daultan Leveillé Mike Hoffman Jared Staal 30 1 2 2
3 Jay Beagle Jamie McGinn Thomas Spelling 20 1 2 2
4 Joe Labate Nikolay Prokhorkin Austin Wuthrich 10 1 2 2
5 vs 5 Defense
Defense Defense Time % Phy DF OF
1 David Fischer Dougie Hamilton 40 1 2 2
2 Joey Ryan Zach Redmond 30 1 2 2
3 Mikko Vainonen Gianluca Curcuruto 20 1 2 2
4 David Fischer Joey Ryan 10 1 2 2
PowerPlay Forward
Center Left Wing Right Wing Time % Phy DF OF
1 Ryan Nugent-Hopkins Dany Roussin Adam Hall 60 1 2 2
2 Daultan Leveillé Mike Hoffman Jared Staal 40 1 2 2
PowerPlay Defense
Defense Defense Time % Phy DF OF
1 David Fischer Joey Ryan 60 1 2 2
2 Dougie Hamilton Zach Redmond 40 1 2 2
Penalty Kill 4 Players Forward
Center Wing Time % Phy DF OF
1 Dany Roussin Adam Hall 60 1 2 2
2 Jay Beagle Daultan Leveillé 40 1 2 2
Penalty Kill 4 Players Defense
Defense Defense Time % Phy DF OF
1 David Fischer Joey Ryan 60 1 2 2
2 Dougie Hamilton Zach Redmond 40 1 2 2
Penalty Kill - 3 Players Forward
Forward Time % Phy DF OF
1 Dany Roussin 60 1 2 2
2 Adam Hall 40 1 2 2
Penalty Kill - 3 Players Defense
Defense Defense Time % Phy DF OF
1 David Fischer Joey Ryan 60 1 2 2
2 Dougie Hamilton Zach Redmond 40 1 2 2
4 vs 4 Forward
Center Wing Time % Phy DF OF
1 Ryan Nugent-Hopkins Adam Hall 60 1 2 2
2 Jay Beagle Daultan Leveillé 40 1 2 2
4 vs 4 Defense
Defense Defense Time % Phy DF OF
1 David Fischer Joey Ryan 60 1 2 2
2 Dougie Hamilton Zach Redmond 40 1 2 2
Last Minutes Offensive
Center Left Wing Right Wing Defense Defense
Jay Beagle Dany Roussin Adam Hall David Fischer Joey Ryan
Last Minutes Defensive
Center Left Wing Right Wing Defense Defense
Jay Beagle Dany Roussin Adam Hall David Fischer Joey Ryan
Goaltenders
Starting : Jake Allen
Backup : Devan Dubnyk
Extra Forwards
Normal : Ryan Nugent-Hopkins, Jamie McGinn, Thomas Spelling - PP : Ryan Nugent-Hopkins, Jamie McGinn - PK : Thomas Spelling
Extra Defensemen
Normal : Mikko Vainonen, Gianluca Curcuruto, Dougie Hamilton - PP : Mikko Vainonen - PK : Gianluca Curcuruto, Dougie Hamilton
Penalty Shots
Dany Roussin, Adam Hall, Jay Beagle, Daultan Leveillé, Mike Hoffman
Scratches
Zach Stepan (Healthy), David Wolf (Healthy), Peter Andersson (Healthy), Scott Parse (Healthy), Connor Hellebyuk (Healthy)
Niklas Treutle (Healthy)
Carnivores
5 vs 5 Forward
Center Left Wing Right Wing Time % Phy DF OF
1 Anton Gustafsson Steve Begin Nikita Alexeev 40 1 2 2
2 Zack Smith Blake Geoffrion Jeremy Williams 30 1 2 2
3 Markus Granlund Jeremy Welsh Brendan Gallagher 20 1 2 2
4 Scott Laughton Nicolas Kerdiles Colton Orr 10 1 2 2
5 vs 5 Defense
Defense Defense Time % Phy DF OF
1 Joe Corvo Nate Schmidt 40 1 2 2
2 Ryan Murray Sasha Pokulok 30 1 2 2
3 Mat Clark Josh Manson 20 1 2 2
4 T.J Brodie Adam Pelech 10 1 2 2
PowerPlay Forward
Center Left Wing Right Wing Time % Phy DF OF
1 Anton Gustafsson Steve Begin Nikita Alexeev 60 1 2 2
2 Zack Smith Blake Geoffrion Jeremy Williams 40 1 2 2
PowerPlay Defense
Defense Defense Time % Phy DF OF
1 Joe Corvo Nate Schmidt 60 1 2 2
2 Ryan Murray Sasha Pokulok 40 1 2 2
Penalty Kill 4 Players Forward
Center Wing Time % Phy DF OF
1 Steve Begin Nikita Alexeev 60 1 2 2
2 Jeremy Williams Blake Geoffrion 40 1 2 2
Penalty Kill 4 Players Defense
Defense Defense Time % Phy DF OF
1 Joe Corvo Nate Schmidt 60 1 2 2
2 Ryan Murray Sasha Pokulok 40 1 2 2
Penalty Kill - 3 Players Forward
Forward Time % Phy DF OF
1 Steve Begin 60 1 2 2
2 Nikita Alexeev 40 1 2 2
Penalty Kill - 3 Players Defense
Defense Defense Time % Phy DF OF
1 Joe Corvo Nate Schmidt 60 1 2 2
2 Ryan Murray Sasha Pokulok 40 1 2 2
4 vs 4 Forward
Center Wing Time % Phy DF OF
1 Steve Begin Nikita Alexeev 60 1 2 2
2 Jeremy Williams Blake Geoffrion 40 1 2 2
4 vs 4 Defense
Defense Defense Time % Phy DF OF
1 Joe Corvo Nate Schmidt 60 1 2 2
2 Ryan Murray Sasha Pokulok 40 1 2 2
Last Minutes Offensive
Center Left Wing Right Wing Defense Defense
Anton Gustafsson Steve Begin Nikita Alexeev Joe Corvo Nate Schmidt
Last Minutes Defensive
Center Left Wing Right Wing Defense Defense
Anton Gustafsson Steve Begin Nikita Alexeev Joe Corvo Nate Schmidt
Goaltenders
Starting : Mike McKenna
Backup : Antti Raanta
Extra Forwards
Normal : Brendan Gallagher, Colton Orr, Jeremy Welsh - PP : Brendan Gallagher, Colton Orr - PK : Jeremy Welsh
Extra Defensemen
Normal : Mat Clark, Josh Manson, T.J Brodie - PP : Mat Clark - PK : Josh Manson, T.J Brodie
Penalty Shots
Steve Begin, Nikita Alexeev, Jeremy Williams, Blake Geoffrion, Brendan Gallagher
Scratches
David Schlemko (Healthy), Mattias Backman (Healthy), Adam Almquist (Healthy), Stanislav Galiev (Healthy), Mark MacMillan (Healthy)
Tyler Graovac (Healthy), Patrick McNeill (Healthy), Troy Bourke (Healthy), Alexandre Mallet (Healthy), Michael Schumacher (Healthy)
Daniel Altshuller (Healthy)
% Time on Ice - Thunder
Lines # - Real PCT - Wanted PCT - Time Play
Normal Forward
1 - 34% - 40% - 17:53
2 - 30% - 30% - 15:26
3 - 19% - 20% - 9:51
4 - 17% - 10% - 8:52
Normal Defense
1 - 38% - 40% - 19:35
2 - 29% - 30% - 15:16
3 - 27% - 20% - 13:48
4 - 7% - 10% - 3:23
PP Forward
1 - 82% - 60% - 1:39
2 - 18% - 40% - 0:22
PP Defense
1 - 100% - 60% - 2:01
2 - 0% - 40% - 0:00
PK Forward
1 - 69% - 60% - 4:08
2 - 31% - 40% - 1:49
PK Defense
1 - 63% - 60% - 3:45
2 - 37% - 40% - 2:12
PK3 Forward
1 - 0% - 60%
2 - 0% - 40%
PK3 Defense
1 - 0% - 60%
2 - 0% - 40%
44 Forward
1 - 0% - 60%
2 - 0% - 40%
44 Defense
1 - 0% - 60%
2 - 0% - 40%
Last Minute Offensive - 0:00
Last Minute Defensive - 0:00
Total
Forward - 60:00
Defense - 60:00
|
% Time on Ice - Carnivores
Lines # - Real PCT - Wanted PCT - Time Play
Normal Forward
1 - 33% - 40% - 17:16
2 - 25% - 30% - 13:14
3 - 24% - 20% - 12:22
4 - 18% - 10% - 9:10
Normal Defense
1 - 40% - 40% - 20:41
2 - 29% - 30% - 14:57
3 - 22% - 20% - 11:35
4 - 9% - 10% - 4:49
PP Forward
1 - 56% - 60% - 3:20
2 - 44% - 40% - 2:37
PP Defense
1 - 56% - 60% - 3:20
2 - 44% - 40% - 2:37
PK Forward
1 - 100% - 60% - 2:01
2 - 0% - 40% - 0:00
PK Defense
1 - 99% - 60% - 2:00
2 - 1% - 40% - 0:01
PK3 Forward
1 - 0% - 60%
2 - 0% - 40%
PK3 Defense
1 - 0% - 60%
2 - 0% - 40%
44 Forward
1 - 0% - 60%
2 - 0% - 40%
44 Defense
1 - 0% - 60%
2 - 0% - 40%
Last Minute Offensive - 0:00
Last Minute Defensive - 0:00
Total
Forward - 60:00
Defense - 60:00
|
Play by Play
1st period
0:01 of 1st period - Anton Gustafsson wins face-off versus Ryan Nugent-Hopkins in neutral zone.
0:16 of 1st period - Joe Corvo is hit by David Fischer and loses puck.
0:58 of 1st period - Wrist shot by Jeremy Williams.
0:58 of 1st period - Stopped by Jake Allen without a rebound.
0:59 of 1st period - Jay Beagle wins face-off versus Markus Granlund in Thunder zone.
0:59 of 1st period - Jay Beagle is hit by Markus Granlund.
1:32 of 1st period - Wrist shot by Nikita Alexeev.
1:32 of 1st period - Stopped by Jake Allen without a rebound.
1:33 of 1st period - Daultan Leveillé wins face-off versus Scott Laughton in Thunder zone.
2:06 of 1st period - Snap shot by Steve Begin.
2:06 of 1st period - Stopped by Jake Allen without a rebound.
2:07 of 1st period - Markus Granlund wins face-off versus Jay Beagle in Thunder zone.
2:38 of 1st period - Off-side.
2:39 of 1st period - Ryan Nugent-Hopkins wins face-off versus Zack Smith in neutral zone.
3:12 of 1st period - Wrist shot by Steve Begin.
3:12 of 1st period - Stopped by Jake Allen with a rebound.
3:14 of 1st period - Slapshot by Nate Schmidt.
3:14 of 1st period - Shot Misses the Net.
3:33 of 1st period - Off-side.
3:34 of 1st period - Anton Gustafsson wins face-off versus Ryan Nugent-Hopkins in neutral zone.
3:45 of 1st period - Snap shot by Steve Begin.
3:45 of 1st period - Stopped by Jake Allen with a rebound.
3:47 of 1st period - Snap shot by Anton Gustafsson.
3:47 of 1st period - Stopped by Jake Allen with a rebound.
3:49 of 1st period - Snap shot by Steve Begin.
3:49 of 1st period - Deflect By Dany Roussin.
3:49 of 1st period - Shot Misses the Net.
3:49 of 1st period - Puck is out of play.
3:50 of 1st period - Jared Staal wins face-off versus Zack Smith in Thunder zone.
3:52 of 1st period - Minor Penalty to Jared Staal for High sticking.
3:53 of 1st period - Anton Gustafsson wins face-off versus Dany Roussin in Thunder zone.
5:48 of 1st period - Icing by Colton Orr.
5:49 of 1st period - Jay Beagle wins face-off versus Brendan Gallagher in Carnivores zone.
5:52 of 1st period - Penalty to Jared Staal is over, Jared Staal is back on ice.
5:56 of 1st period - Slapshot by Ryan Murray.
5:56 of 1st period - Shot Blocked by Dougie Hamilton.
5:58 of 1st period - Slapshot by Scott Laughton.
5:58 of 1st period - Shot Misses the Net.
6:00 of 1st period - Slapshot by Ryan Murray.
6:00 of 1st period - Shot Blocked by Zach Redmond.
6:02 of 1st period - Slapshot by Ryan Murray.
6:02 of 1st period - Stopped by Jake Allen without a rebound.
6:03 of 1st period - Joe Labate wins face-off versus Markus Granlund in Thunder zone.
6:07 of 1st period - Off-side.
6:08 of 1st period - Jeremy Welsh wins face-off versus Joe Labate in neutral zone.
6:10 of 1st period - Off-side.
6:11 of 1st period - Markus Granlund wins face-off versus Joe Labate in neutral zone.
6:14 of 1st period - Mikko Vainonen is hit by Brendan Gallagher and loses puck.
6:19 of 1st period - Snap shot by Brendan Gallagher.
6:19 of 1st period - Shot Misses the Net.
6:21 of 1st period - Wrist shot by Brendan Gallagher.
6:21 of 1st period - Shot Misses the Net.
6:23 of 1st period - Snap shot by Jeremy Welsh.
6:23 of 1st period - Stopped by Jake Allen with a rebound.
6:25 of 1st period - Snap shot by Jeremy Welsh.
6:25 of 1st period - Shot Misses the Net.
7:02 of 1st period - Wrist shot by Brendan Gallagher.
7:02 of 1st period - Shot Misses the Net.
7:04 of 1st period - Snap shot by Markus Granlund.
7:04 of 1st period - Stopped by Jake Allen with a rebound.
7:18 of 1st period - Wrist shot by Brendan Gallagher.
7:18 of 1st period - Goal by Brendan Gallagher - Thunder : 0 - Carnivores : 1.
7:19 of 1st period - Zack Smith wins face-off versus Ryan Nugent-Hopkins in neutral zone.
7:34 of 1st period - Snap shot by Dany Roussin.
7:34 of 1st period - Shot Misses the Net.
7:49 of 1st period - Wrist shot by Mike Hoffman.
7:49 of 1st period - Shot Misses the Net.
7:51 of 1st period - Snap shot by Joey Ryan.
7:51 of 1st period - Deflect By Steve Begin.
7:51 of 1st period - Stopped by Mike McKenna with a rebound.
7:53 of 1st period - Snap shot by Mike Hoffman.
7:53 of 1st period - Shot Misses the Net.
8:24 of 1st period - Wrist shot by Ryan Nugent-Hopkins.
8:24 of 1st period - Stopped by Mike McKenna with a rebound.
8:54 of 1st period - Snap shot by Colton Orr.
8:54 of 1st period - Deflect By Scott Laughton.
8:54 of 1st period - Stopped by Jake Allen with a rebound.
9:56 of 1st period - Snap shot by Colton Orr.
9:56 of 1st period - Stopped by Jake Allen with a rebound.
9:58 of 1st period - Slapshot by Nicolas Kerdiles.
9:58 of 1st period - Shot Misses the Net.
10:27 of 1st period - Wrist shot by Dany Roussin.
10:27 of 1st period - Stopped by Mike McKenna without a rebound.
10:28 of 1st period - Daultan Leveillé wins face-off versus Anton Gustafsson in Carnivores zone.
10:29 of 1st period - Wrist shot by Mike Hoffman.
10:29 of 1st period - Stopped by Mike McKenna with a rebound.
10:31 of 1st period - Slapshot by Daultan Leveillé.
10:31 of 1st period - Shot Blocked by Steve Begin.
10:37 of 1st period - Snap shot by Mike Hoffman.
10:37 of 1st period - Stopped by Mike McKenna without a rebound.
10:38 of 1st period - Anton Gustafsson wins face-off versus Daultan Leveillé in Carnivores zone.
11:09 of 1st period - Off-side.
11:10 of 1st period - Jay Beagle wins face-off versus Zack Smith in neutral zone.
12:31 of 1st period - David Fischer is hit by Jeremy Welsh and loses puck.
12:38 of 1st period - Sasha Pokulok is hit by Nikolay Prokhorkin and loses puck.
12:49 of 1st period - Anton Gustafsson is hit by Mike Hoffman and loses puck.
17:10 of 1st period - Jeremy Williams is hit by Dany Roussin.
17:38 of 1st period - Wrist shot by Joe Labate.
17:38 of 1st period - Shot Misses the Net.
17:44 of 1st period - Snap shot by Mike Hoffman.
17:44 of 1st period - Shot Misses the Net.
18:00 of 1st period - Snap shot by Jay Beagle.
18:00 of 1st period - Goal by Jay Beagle - Thunder : 1 - Carnivores : 1.
18:01 of 1st period - Ryan Nugent-Hopkins wins face-off versus Anton Gustafsson in neutral zone.
18:16 of 1st period - Dany Roussin is hit by Nikita Alexeev and loses puck.
18:55 of 1st period - Snap shot by Joe Labate.
18:55 of 1st period - Stopped by Mike McKenna with a rebound.
19:18 of 1st period - Snap shot by Adam Hall.
19:18 of 1st period - Stopped by Mike McKenna with a rebound.
19:20 of 1st period - Slapshot by Dougie Hamilton.
19:20 of 1st period - Shot Misses the Net.
19:22 of 1st period - Wrist shot by Adam Hall.
19:22 of 1st period - Shot Misses the Net.
19:37 of 1st period - Snap shot by Jay Beagle.
19:37 of 1st period - Stopped by Mike McKenna with a rebound.
19:39 of 1st period - Wrist shot by Thomas Spelling.
19:39 of 1st period - Shot Blocked by Nate Schmidt.
19:41 of 1st period - Snap shot by Zach Redmond.
19:41 of 1st period - Stopped by Mike McKenna with a rebound.
Goals for this period are 1 for Thunder vs 1 for Carnivores.
Shots for this period are 10 for Thunder vs 12 for Carnivores.
2nd period
0:01 of 2nd period - Ryan Nugent-Hopkins wins face-off versus Anton Gustafsson in neutral zone.
0:15 of 2nd period - Ryan Nugent-Hopkins is hit by Nate Schmidt and loses puck.
0:42 of 2nd period - Off-side.
0:43 of 2nd period - Jay Beagle wins face-off versus Markus Granlund in neutral zone.
0:48 of 2nd period - Slapshot by Jamie McGinn.
0:48 of 2nd period - Shot Misses the Net.
1:15 of 2nd period - Dany Roussin is hit by Nikita Alexeev and loses puck.
1:20 of 2nd period - Wrist shot by Nikita Alexeev.
1:20 of 2nd period - Stopped by Jake Allen without a rebound.
1:21 of 2nd period - Daultan Leveillé wins face-off versus Zack Smith in Thunder zone.
1:26 of 2nd period - Slapshot by David Fischer.
1:26 of 2nd period - Shot Misses the Net.
1:28 of 2nd period - Snap shot by Mike Hoffman.
1:28 of 2nd period - Stopped by Mike McKenna with a rebound.
1:30 of 2nd period - Wrist shot by Jared Staal.
1:30 of 2nd period - Shot Misses the Net.
1:32 of 2nd period - Backhand shot by Dougie Hamilton.
1:32 of 2nd period - Stopped by Mike McKenna with a rebound.
1:34 of 2nd period - Slapshot by David Fischer.
1:34 of 2nd period - Shot Blocked by Jeremy Williams.
1:36 of 2nd period - Snap shot by Jared Staal.
1:36 of 2nd period - Stopped by Mike McKenna with a rebound.
2:07 of 2nd period - Wrist shot by Colton Orr.
2:07 of 2nd period - Shot Misses the Net.
2:09 of 2nd period - Snap shot by Colton Orr.
2:09 of 2nd period - Shot Misses the Net.
2:11 of 2nd period - Snap shot by Sasha Pokulok.
2:11 of 2nd period - Stopped by Jake Allen with a rebound.
2:25 of 2nd period - Minor Penalty to Thomas Spelling for Slashing.
2:26 of 2nd period - Steve Begin wins face-off versus Dany Roussin in Thunder zone.
2:27 of 2nd period - Snap shot by Nikita Alexeev.
2:27 of 2nd period - Shot Misses the Net.
2:29 of 2nd period - Slapshot by Nate Schmidt.
2:29 of 2nd period - Stopped by Jake Allen without a rebound.
2:30 of 2nd period - Anton Gustafsson wins face-off versus Dany Roussin in Thunder zone.
2:41 of 2nd period - Wrist shot by Anton Gustafsson.
2:41 of 2nd period - Shot Hit the Post.
2:43 of 2nd period - Wrist shot by Joe Corvo.
2:43 of 2nd period - Stopped by Jake Allen without a rebound.
2:44 of 2nd period - Anton Gustafsson wins face-off versus Dany Roussin in Thunder zone.
2:59 of 2nd period - Wrist shot by Steve Begin.
2:59 of 2nd period - Deflect By Joey Ryan.
2:59 of 2nd period - Stopped by Jake Allen with a rebound.
4:22 of 2nd period - Jeremy Williams is hit by David Fischer and loses puck.
4:25 of 2nd period - Penalty to Thomas Spelling is over, Thomas Spelling is back on ice.
4:35 of 2nd period - Slapshot by David Fischer.
4:35 of 2nd period - Stopped by Mike McKenna without a rebound.
4:36 of 2nd period - Markus Granlund wins face-off versus Joe Labate in Carnivores zone.
4:43 of 2nd period - Backhand shot by Nikolay Prokhorkin.
4:43 of 2nd period - Shot Misses the Net.
5:11 of 2nd period - Anton Gustafsson is hit by Jared Staal and loses puck.
5:32 of 2nd period - Joe Corvo is hit by David Fischer and loses puck.
5:53 of 2nd period - Slapshot by Jeremy Welsh.
5:53 of 2nd period - Stopped by Jake Allen with a rebound.
5:55 of 2nd period - Wrist shot by Jeremy Welsh.
5:55 of 2nd period - Goal by Jeremy Welsh - Thunder : 1 - Carnivores : 2.
5:56 of 2nd period - Ryan Nugent-Hopkins wins face-off versus Anton Gustafsson in neutral zone.
5:59 of 2nd period - Slapshot by Dougie Hamilton.
5:59 of 2nd period - Shot Misses the Net.
6:01 of 2nd period - Slapshot by David Fischer.
6:01 of 2nd period - Shot Misses the Net.
6:30 of 2nd period - Snap shot by Jeremy Williams.
6:30 of 2nd period - Stopped by Jake Allen with a rebound.
6:32 of 2nd period - Snap shot by Zack Smith.
6:32 of 2nd period - Shot Misses the Net.
6:36 of 2nd period - Snap shot by Jeremy Williams.
6:36 of 2nd period - Stopped by Jake Allen without a rebound.
6:37 of 2nd period - Zack Smith wins face-off versus Jay Beagle in Thunder zone.
7:33 of 2nd period - Off-side.
7:34 of 2nd period - Daultan Leveillé wins face-off versus Nikita Alexeev in neutral zone.
7:59 of 2nd period - Dougie Hamilton is hit by Brendan Gallagher and loses puck.
8:08 of 2nd period - Snap shot by Jeremy Welsh.
8:08 of 2nd period - Goal by Jeremy Welsh - Thunder : 1 - Carnivores : 3.
8:09 of 2nd period - Ryan Nugent-Hopkins wins face-off versus Anton Gustafsson in neutral zone.
8:18 of 2nd period - Wrist shot by Ryan Nugent-Hopkins.
8:18 of 2nd period - Stopped by Mike McKenna with a rebound.
8:20 of 2nd period - Slapshot by David Fischer.
8:20 of 2nd period - Shot Misses the Net.
8:22 of 2nd period - Slapshot by Dougie Hamilton.
8:22 of 2nd period - Stopped by Mike McKenna with a rebound.
8:34 of 2nd period - Joe Corvo is hit by Jamie McGinn and loses puck.
8:39 of 2nd period - Snap shot by Jay Beagle.
8:39 of 2nd period - Shot Misses the Net.
9:19 of 2nd period - Snap shot by Adam Hall.
9:19 of 2nd period - Stopped by Mike McKenna without a rebound.
9:20 of 2nd period - Scott Laughton wins face-off versus Adam Hall in Carnivores zone.
9:31 of 2nd period - Snap shot by Dany Roussin.
9:31 of 2nd period - Shot Blocked by Josh Manson.
10:00 of 2nd period - Slapshot by Colton Orr.
10:00 of 2nd period - Shot Misses the Net.
10:02 of 2nd period - Wrist shot by Colton Orr.
10:02 of 2nd period - Stopped by Jake Allen without a rebound.
10:03 of 2nd period - Anton Gustafsson wins face-off versus Daultan Leveillé in Thunder zone.
10:57 of 2nd period - Icing by Ryan Murray.
10:58 of 2nd period - Dany Roussin wins face-off versus Markus Granlund in Carnivores zone.
11:25 of 2nd period - Joey Ryan is hit by Steve Begin and loses puck.
11:50 of 2nd period - Slapshot by David Fischer.
11:50 of 2nd period - Deflect By Zack Smith.
11:50 of 2nd period - Stopped by Mike McKenna without a rebound.
11:51 of 2nd period - Ryan Nugent-Hopkins wins face-off versus Zack Smith in Carnivores zone.
11:52 of 2nd period - Backhand shot by Adam Hall.
11:52 of 2nd period - Stopped by Mike McKenna with a rebound.
11:54 of 2nd period - Wrist shot by Adam Hall.
11:54 of 2nd period - Shot Misses the Net.
11:56 of 2nd period - Slapshot by Adam Hall.
11:56 of 2nd period - Shot Blocked by Nate Schmidt.
11:58 of 2nd period - Wrist shot by Adam Hall.
11:58 of 2nd period - Stopped by Mike McKenna with a rebound.
12:00 of 2nd period - Slapshot by Adam Hall.
12:00 of 2nd period - Stopped by Mike McKenna with a rebound.
12:02 of 2nd period - Snap shot by Ryan Nugent-Hopkins.
12:02 of 2nd period - Stopped by Mike McKenna without a rebound.
12:03 of 2nd period - Ryan Nugent-Hopkins wins face-off versus Anton Gustafsson in Carnivores zone.
12:28 of 2nd period - Ryan Nugent-Hopkins is hit by Markus Granlund and loses puck.
12:33 of 2nd period - Snap shot by Brendan Gallagher.
12:33 of 2nd period - Stopped by Jake Allen with a rebound.
12:45 of 2nd period - Ryan Murray is hit by Dany Roussin and loses puck.
12:50 of 2nd period - Slapshot by Adam Hall.
12:50 of 2nd period - Stopped by Mike McKenna without a rebound.
12:51 of 2nd period - Daultan Leveillé wins face-off versus Anton Gustafsson in Carnivores zone.
13:00 of 2nd period - Snap shot by Mike Hoffman.
13:00 of 2nd period - Shot Hit the Post.
13:38 of 2nd period - Nate Schmidt is hit by Thomas Spelling and loses puck.
13:58 of 2nd period - Icing by Steve Begin.
13:59 of 2nd period - Ryan Nugent-Hopkins wins face-off versus Anton Gustafsson in Carnivores zone.
14:57 of 2nd period - Snap shot by Blake Geoffrion.
14:57 of 2nd period - Shot Misses the Net.
14:59 of 2nd period - Slapshot by Nate Schmidt.
14:59 of 2nd period - Deflect By Jeremy Williams.
14:59 of 2nd period - Stopped by Jake Allen without a rebound.
15:00 of 2nd period - Ryan Nugent-Hopkins wins face-off versus Markus Granlund in Thunder zone.
15:05 of 2nd period - Dany Roussin is hit by Jeremy Welsh and loses puck.
15:39 of 2nd period - Icing by Adam Hall.
15:40 of 2nd period - Zack Smith wins face-off versus Ryan Nugent-Hopkins in Thunder zone.
15:43 of 2nd period - Snap shot by Blake Geoffrion.
15:43 of 2nd period - Stopped by Jake Allen without a rebound.
15:44 of 2nd period - Zack Smith wins face-off versus Daultan Leveillé in Thunder zone.
15:57 of 2nd period - Slapshot by Dougie Hamilton.
15:57 of 2nd period - Deflect By Jared Staal.
15:57 of 2nd period - Stopped by Mike McKenna with a rebound.
15:59 of 2nd period - Wrist shot by Daultan Leveillé.
15:59 of 2nd period - Shot Misses the Net.
16:11 of 2nd period - Anton Gustafsson is hit by Jamie McGinn.
16:17 of 2nd period - Snap shot by Nikita Alexeev.
16:17 of 2nd period - Stopped by Jake Allen without a rebound.
16:18 of 2nd period - Ryan Nugent-Hopkins wins face-off versus Anton Gustafsson in Thunder zone.
16:23 of 2nd period - Anton Gustafsson is hit by Joey Ryan.
17:14 of 2nd period - Slapshot by David Fischer.
17:14 of 2nd period - Deflect By Joe Labate.
17:14 of 2nd period - Shot Misses the Net.
17:14 of 2nd period - Puck is out of play.
17:15 of 2nd period - Zack Smith wins face-off versus Joe Labate in Carnivores zone.
18:38 of 2nd period - Wrist shot by Brendan Gallagher.
18:38 of 2nd period - Shot Blocked by Zach Redmond.
18:55 of 2nd period - Adam Hall is hit by Joe Corvo.
18:58 of 2nd period - Off-side.
18:59 of 2nd period - Ryan Nugent-Hopkins wins face-off versus Scott Laughton in neutral zone.
19:06 of 2nd period - Wrist shot by Colton Orr.
19:06 of 2nd period - Stopped by Jake Allen with a rebound.
19:08 of 2nd period - Slapshot by Mat Clark.
19:08 of 2nd period - Deflect By Scott Laughton.
19:08 of 2nd period - Stopped by Jake Allen without a rebound.
19:09 of 2nd period - Anton Gustafsson wins face-off versus Dany Roussin in Thunder zone.
19:12 of 2nd period - Wrist shot by Nikita Alexeev.
19:12 of 2nd period - Stopped by Jake Allen with a rebound.
19:45 of 2nd period - Wrist shot by Blake Geoffrion.
19:45 of 2nd period - Stopped by Jake Allen with a rebound.
Goals for this period are 0 for Thunder vs 2 for Carnivores.
Shots for this period are 14 for Thunder vs 19 for Carnivores.
3rd period
0:01 of 3rd period - Adam Hall wins face-off versus Anton Gustafsson in neutral zone.
0:06 of 3rd period - Snap shot by David Fischer.
0:06 of 3rd period - Shot Misses the Net.
0:08 of 3rd period - Snap shot by Adam Hall.
0:08 of 3rd period - Shot Misses the Net.
0:38 of 3rd period - Minor Penalty to Daultan Leveillé for Hooking.
0:39 of 3rd period - Anton Gustafsson wins face-off versus Dany Roussin in Thunder zone.
2:38 of 3rd period - Penalty to Daultan Leveillé is over, Daultan Leveillé is back on ice.
3:01 of 3rd period - Slapshot by Dougie Hamilton.
3:01 of 3rd period - Shot Misses the Net.
3:03 of 3rd period - Slapshot by Daultan Leveillé.
3:03 of 3rd period - Shot Misses the Net.
3:09 of 3rd period - Wrist shot by Adam Hall.
3:09 of 3rd period - Stopped by Mike McKenna with a rebound.
3:11 of 3rd period - Snap shot by Dougie Hamilton.
3:11 of 3rd period - Stopped by Mike McKenna without a rebound.
3:12 of 3rd period - Colton Orr wins face-off versus Jay Beagle in Carnivores zone.
3:14 of 3rd period - Icing by Mat Clark.
3:15 of 3rd period - Thomas Spelling wins face-off versus Nicolas Kerdiles in Carnivores zone.
4:06 of 3rd period - Wrist shot by Jeremy Welsh.
4:06 of 3rd period - Stopped by Jake Allen with a rebound.
4:22 of 3rd period - Wrist shot by Adam Hall.
4:22 of 3rd period - Stopped by Mike McKenna with a rebound.
4:42 of 3rd period - Brendan Gallagher is hit by Thomas Spelling and loses puck.
4:59 of 3rd period - Slapshot by David Fischer.
4:59 of 3rd period - Stopped by Mike McKenna with a rebound.
6:06 of 3rd period - Zach Redmond is hit by Mat Clark and loses puck.
6:19 of 3rd period - Mat Clark is hit by Jared Staal and loses puck.
6:32 of 3rd period - Snap shot by Scott Laughton.
6:32 of 3rd period - Stopped by Jake Allen with a rebound.
6:42 of 3rd period - Dany Roussin is hit by Anton Gustafsson and loses puck.
6:46 of 3rd period - Icing by Ryan Nugent-Hopkins.
6:47 of 3rd period - Blake Geoffrion wins face-off versus Dany Roussin in Thunder zone.
8:14 of 3rd period - Joe Labate is hit by Scott Laughton and loses puck.
8:21 of 3rd period - Wrist shot by Nicolas Kerdiles.
8:21 of 3rd period - Stopped by Jake Allen with a rebound.
8:31 of 3rd period - Zach Redmond is hit by Steve Begin and loses puck.
8:58 of 3rd period - Wrist shot by Markus Granlund.
8:58 of 3rd period - Stopped by Jake Allen with a rebound.
9:10 of 3rd period - Slapshot by Blake Geoffrion.
9:10 of 3rd period - Stopped by Jake Allen with a rebound.
9:12 of 3rd period - Slapshot by Jeremy Williams.
9:12 of 3rd period - Stopped by Jake Allen without a rebound.
9:13 of 3rd period - Anton Gustafsson wins face-off versus Daultan Leveillé in Thunder zone.
9:51 of 3rd period - Snap shot by Jared Staal.
9:51 of 3rd period - Stopped by Mike McKenna with a rebound.
9:53 of 3rd period - Snap shot by Daultan Leveillé.
9:53 of 3rd period - Shot Blocked by Ryan Murray.
9:55 of 3rd period - Wrist shot by Jared Staal.
9:55 of 3rd period - Stopped by Mike McKenna with a rebound.
9:57 of 3rd period - Wrist shot by Jared Staal.
9:57 of 3rd period - Stopped by Mike McKenna with a rebound.
10:01 of 3rd period - Snap shot by Daultan Leveillé.
10:01 of 3rd period - Stopped by Mike McKenna without a rebound.
10:02 of 3rd period - Anton Gustafsson wins face-off versus Ryan Nugent-Hopkins in Carnivores zone.
10:04 of 3rd period - Minor Penalty to Steve Begin for Hooking.
10:05 of 3rd period - Ryan Nugent-Hopkins wins face-off versus Jeremy Welsh in Carnivores zone.
10:09 of 3rd period - Snap shot by Ryan Nugent-Hopkins.
10:09 of 3rd period - Shot Blocked by Jeremy Welsh.
10:11 of 3rd period - Snap shot by Adam Hall.
10:11 of 3rd period - Shot Misses the Net.
10:13 of 3rd period - Snap shot by Adam Hall.
10:13 of 3rd period - Shot Misses the Net.
10:15 of 3rd period - Snap shot by Adam Hall.
10:15 of 3rd period - Shot Misses the Net.
10:17 of 3rd period - Wrist shot by Adam Hall.
10:17 of 3rd period - Goal by Adam Hall - Thunder : 2 - Carnivores : 3.
10:18 of 3rd period - Ryan Nugent-Hopkins wins face-off versus Anton Gustafsson in neutral zone.
10:23 of 3rd period - Snap shot by Adam Hall.
10:23 of 3rd period - Stopped by Mike McKenna with a rebound.
12:09 of 3rd period - Icing by David Fischer.
12:10 of 3rd period - Daultan Leveillé wins face-off versus Zack Smith in Thunder zone.
12:21 of 3rd period - Wrist shot by Mike Hoffman.
12:21 of 3rd period - Shot Blocked by Jeremy Williams.
12:42 of 3rd period - Slapshot by Mike Hoffman.
12:42 of 3rd period - Shot Hit the Post.
12:44 of 3rd period - Snap shot by Daultan Leveillé.
12:44 of 3rd period - Shot Blocked by Blake Geoffrion.
12:46 of 3rd period - Slapshot by David Fischer.
12:46 of 3rd period - Shot Blocked by Blake Geoffrion.
12:48 of 3rd period - Slapshot by Dougie Hamilton.
12:48 of 3rd period - Stopped by Mike McKenna without a rebound.
12:49 of 3rd period - Ryan Nugent-Hopkins wins face-off versus Anton Gustafsson in Carnivores zone.
12:50 of 3rd period - Snap shot by Adam Hall.
12:50 of 3rd period - Shot Misses the Net.
13:13 of 3rd period - Icing by Nikita Alexeev.
13:14 of 3rd period - Jay Beagle wins face-off versus Markus Granlund in Carnivores zone.
13:53 of 3rd period - Mikko Vainonen is hit by Mat Clark.
14:03 of 3rd period - Adam Hall is hit by Scott Laughton and loses puck.
14:16 of 3rd period - Snap shot by Nicolas Kerdiles.
14:16 of 3rd period - Stopped by Jake Allen with a rebound.
14:36 of 3rd period - Dany Roussin is hit by Sasha Pokulok and loses puck.
15:36 of 3rd period - Backhand shot by Colton Orr.
15:36 of 3rd period - Shot Misses the Net.
16:10 of 3rd period - Steve Begin is hit by Joey Ryan and loses puck.
16:53 of 3rd period - Slapshot by Sasha Pokulok.
16:53 of 3rd period - Deflect By Joey Ryan.
16:53 of 3rd period - Stopped by Jake Allen with a rebound.
17:18 of 3rd period - Icing by Ryan Murray.
17:19 of 3rd period - Jamie McGinn wins face-off versus Blake Geoffrion in Carnivores zone.
17:48 of 3rd period - Icing by Mike Hoffman.
17:49 of 3rd period - Anton Gustafsson wins face-off versus Joe Labate in Thunder zone.
17:52 of 3rd period - Slapshot by Steve Begin.
17:52 of 3rd period - Stopped by Jake Allen without a rebound.
17:53 of 3rd period - Anton Gustafsson wins face-off versus Joe Labate in Thunder zone.
17:54 of 3rd period - Slapshot by Nikita Alexeev.
17:54 of 3rd period - Shot Misses the Net.
18:11 of 3rd period - Minor Penalty to Steve Begin for Hooking.
18:12 of 3rd period - Ryan Nugent-Hopkins wins face-off versus Jeremy Welsh in Carnivores zone.
18:12 of 3rd period - Snap shot by Adam Hall.
18:12 of 3rd period - Stopped by Mike McKenna without a rebound.
18:13 of 3rd period - Jeremy Welsh wins face-off versus Ryan Nugent-Hopkins in Carnivores zone.
18:24 of 3rd period - Snap shot by Dany Roussin.
18:24 of 3rd period - Stopped by Mike McKenna without a rebound.
18:25 of 3rd period - Dany Roussin wins face-off versus Jeremy Welsh in Carnivores zone.
18:34 of 3rd period - Snap shot by Ryan Nugent-Hopkins.
18:34 of 3rd period - Shot Blocked by Jeremy Welsh.
18:36 of 3rd period - Snap shot by Dany Roussin.
18:36 of 3rd period - Shot Misses the Net.
18:38 of 3rd period - Backhand shot by Dany Roussin.
18:38 of 3rd period - Deflect By Adam Hall.
18:38 of 3rd period - Stopped by Mike McKenna with a rebound.
18:40 of 3rd period - Slapshot by Joey Ryan.
18:40 of 3rd period - Stopped by Mike McKenna without a rebound.
18:41 of 3rd period - Jeremy Welsh wins face-off versus Dany Roussin in Carnivores zone.
18:50 of 3rd period - Thunder, Jake Allen is pulled from the net.
18:54 of 3rd period - Wrist shot by Dany Roussin.
18:54 of 3rd period - Shot Blocked by Jeremy Welsh.
19:10 of 3rd period - Wrist shot by Mike Hoffman.
19:10 of 3rd period - Stopped by Mike McKenna without a rebound.
19:11 of 3rd period - John Anderson call a timeout for Thunder.
19:11 of 3rd period - Ryan Nugent-Hopkins wins face-off versus Scott Laughton in Carnivores zone.
19:30 of 3rd period - Slapshot by Nate Schmidt.
19:30 of 3rd period - Goal by Nate Schmidt - Thunder : 2 - Carnivores : 4.
19:30 of 3rd period - Jake Allen from Thunder was sent back in the game.
19:31 of 3rd period - Dany Roussin wins face-off versus Jeremy Welsh in neutral zone.
19:42 of 3rd period - Backhand shot by Ryan Nugent-Hopkins.
19:42 of 3rd period - Shot Misses the Net.
19:58 of 3rd period - Nikita Alexeev is hit by Jared Staal.
Goals for this period are 1 for Thunder vs 1 for Carnivores.
Shots for this period are 16 for Thunder vs 10 for Carnivores.
Back to the Top